 Dungeon Crawl Stone Soup version 0.29.1-2-gbd0b4ee654 (webtiles) character file.

Game seed: 14137206051078400066

3806 nshep25 the Carver (level 9, -8/68 HPs)
             Began as a Demonspawn Gladiator on Nov 7, 2022.
             Was an Initiate of Wu Jian.
             Collided with a water moccasin (12 damage)
             ... caused by Erica
             ... on level 8 of the Dungeon.
             The game lasted 00:15:59 (8418 turns).

nshep25 the Carver (Demonspawn Gladiator)           Turns: 8418, Time: 00:16:00

Health: -8/68      AC: 16    Str: 15    XL:     9   Next: 96%
Magic:  9/9        EV: 14    Int:  9    God:    Wu Jian [......]
Gold:   439        SH:  0    Dex: 19    Spells: 8/8 levels left

rFire   + + +      SeeInvis .   a - +0 long sword
rCold   . . .      Faith    .   (no shield)
rNeg    . . .      Spirit   .   x - +5 ring mail "Guacviwk" {rElec rF++}
rPois   .          Reflect  .   c - +0 helmet
rElec   +          Harm     .   H - +0 cloak
rCorr   +          Rampage  .   g - +0 pair of gloves
Will    .....                   (no boots)
Stlth   ++........              C - amulet of the acrobat
HPRegen 0.21/turn               m - ring of resist corrosion
MPRegen 0.11/turn               t - ring of protection from fire

@: slowed, very slow
A: hooves 2, icy blue scales 1, powered by death 1
a: Renounce Religion


You were on level 8 of the Dungeon.
You worshipped Wu Jian.
Wu Jian was noncommittal.
You visited 2 branches of the dungeon, and saw 9 of its levels.

You collected 439 gold pieces.

Inventory:

Hand Weapons
 a - a +0 long sword (weapon)
Missiles
 d - 3 throwing nets (quivered)
 e - a javelin
Armour
 c - a +0 helmet (worn)
 g - a +0 pair of gloves (worn)
 x - the +5 ring mail "Guacviwk" (worn) {rElec rF++}
   (You found it on level 3 of the Dungeon)

   rF:        It greatly protects you from fire.
   rElec:     It insulates you from electricity.
 H - a +0 cloak (worn)
Jewellery
 m - a ring of resist corrosion (left hand)
 t - a ring of protection from fire (right hand)
 C - an amulet of the acrobat (around neck)
Wands
 y - a wand of charming (2)
 A - a wand of light (4)
Scrolls
 f - a scroll of poison {unknown}
 o - a scroll of teleportation {unknown}
 p - a scroll of amnesia {unknown}
 q - a scroll of silence {unknown}
 r - 3 scrolls of brand weapon {unknown}
 s - 11 scrolls of identify {unknown}
 u - a scroll of enchant weapon {unknown}
 w - 3 scrolls of enchant armour {unknown}
 B - a scroll of immolation {unknown}
 I - a scroll of vulnerability {unknown}
 K - 2 scrolls of blinking {unknown}
 L - 3 scrolls of fear {unknown}
Potions
 h - 2 potions of resistance {unknown}
 i - 3 potions of attraction {unknown}
 j - 7 potions of brilliance {unknown}
 k - 4 potions of flight {unknown}
 l - 2 potions of curing
 n - 3 potions of heal wounds {unknown}
 v - a potion of mutation {unknown}
 z - a potion of ambrosia {unknown}
 D - a potion of magic {unknown}
 E - a potion of berserk rage {unknown}
 G - a potion of cancellation {unknown}


   Skills:
 + Level 5.6 Fighting
 + Level 9.6 Long Blades
 + Level 1.8 Throwing
 + Level 5.3 Armour
 + Level 5.6 Dodging
 + Level 3.0 Stealth


You had 8 spell levels left.
You didn't know any spells.
Your spell library contained the following spells:

 Spells                   Type           Power      Damage    Failure   Level
 Magic Dart               Conj           0%         1d3       58%         1
 Call Imp                 Summ           0%         N/A       75%         2
 Gell's Gravitas          Tloc           0%         N/A       92%         3
 Lesser Beckoning         Tloc           0%         N/A       92%         3
 Mephitic Cloud           Conj/Pois/Air  0%         N/A       92%         3
 Teleport Other           Tloc           0%         N/A       92%         3


Dungeon Overview and Level Annotations

Branches:
Dungeon (8/15)             Temple (1/1) D:5
   Lair: D:8-11

Altars:
Ashenzari
Cheibriados
Dithmenos
Fedhas
Gozag
Hepliaklqana
Kikubaaqudgha
Makhleb
Nemelex Xobeh
Okawaru
Qazlal
Ru
Sif Muna
Trog
Vehumet
Wu Jian
Xom
Yredelemnul

Annotations:
D:7 3 runed translucent doors, turdburglar's ghost, novice HuFi
D:8 Erica


Innate Abilities, Weirdness & Mutations

You have hoof-like feet.
You are partially covered in icy blue scales. (AC +2)
You regenerate a little health from kills.


Message History

* * * LOW HITPOINT WARNING * * *
It was a potion of curing.
You feel better.
The water moccasin completely misses you.
Erica barely misses you. The water moccasin barely misses you.
You closely miss Erica. You kick Erica!
Erica is almost dead.
The water moccasin bites you but does no damage.
Erica barely misses you. The water moccasin closely misses you.
Erica says, "I'm so much better than you."
Erica mumbles some strange words.
Erica flickers and vanishes!
Deactivating autopickup; reactivate with Ctrl-A.
You closely miss something. Your kick misses something.
The water moccasin barely misses you.
You hear some strange, mumbled words.
A lance of force appears from out of thin air!
The lance of force hits you!!
* * * LOW HITPOINT WARNING * * *
You are knocked back by the lance of force.
You collide with the water moccasin!
The water moccasin is heavily wounded.
The water moccasin misses you.
You feel better. The water moccasin bites you.
* * * LOW HITPOINT WARNING * * *
Something hits you but does no damage. The water moccasin closely misses you.
Something hits you but does no damage.
You feel better. The water moccasin misses you. Something hits you!
* * * LOW HITPOINT WARNING * * *
The water moccasin bites you but does no damage.
You feel better.
The water moccasin bites you but does no damage.
Something barely misses you. The water moccasin closely misses you.
You hear some strange, mumbled words.
A lance of force appears from out of thin air!
The lance of force hits you!
* * * LOW HITPOINT WARNING * * *
You are knocked back by the lance of force.
You collide with the water moccasin!
The water moccasin is almost dead.
You die...

#######
#.....#
#.....#
#.<{..#
#..@..#..
#..S.....)P
#.....#P..P
#........P[
#.......P.P
#.....#...P
#######..P.
..P


You could see a water moccasin.

Vanquished Creatures
  Prince Ribbit (D:5)
  A wyvern (D:7)
  Eustachio (Temple)
  A steam dragon (D:7)
  Duvessa (D:5)
  4 water moccasins
  A sky beast (D:6)
  A black bear (D:5)
  3 ogres
  A centaur (D:7)
  A phantom (D:5)
  4 bullfrogs
  2 kobold brigands (D:7)
  2 necrophages (D:6)
  A gnoll sergeant (D:5)
  9 scorpions
  3 wights (D:7)
  Dowan (D:5)
  A howler monkey (D:5)
  A jelly (D:6)
  4 hounds
  3 orc priests
  Ijyb (D:3)
  4 iguanas
  3 orc wizards
  Robin (D:3)
  9 gnolls
  4 adders
  A white imp (D:6)
  24 orcs
  4 bats
  5 endoplasms
  7 giant cockroaches
  12 goblins
  9 hobgoblins
  8 jackals
  15 kobolds
  5 quokkas
  8 ball pythons
  2 frilled lizards
  5 rats
174 creatures vanquished.

Vanquished Creatures (others)
  A goblin (D:3)
  A quokka (D:5)
2 creatures vanquished.

Grand Total: 176 creatures vanquished

Notes
Turn   | Place    | Note
-------+----------+-------------------------------------------
     0 | D:1      | nshep25 the Demonspawn Gladiator began the quest for the
                  | Orb.
     0 | D:1      | Reached XP level 1. HP: 16/16 MP: 1/1
   123 | D:1      | Gained mutation: You have large cloven feet. [demonic
                  | ancestry]
   123 | D:1      | Reached XP level 2. HP: 10/22 MP: 2/2
   404 | D:1      | Reached skill level 3 in Long Blades
   881 | D:1      | Reached XP level 3. HP: 27/27 MP: 3/3
   966 | D:1      | Reached skill level 1 in Armour
  1821 | D:2      | Found a faded altar of an unknown god.
  1917 | D:3      | Noticed Robin
  1932 | D:3      | Reached XP level 4. HP: 16/33 MP: 4/4
  2376 | D:3      | Killed Robin
  2389 | D:3      | Reached skill level 4 in Long Blades
  2400 | D:3      | Gained mutation: You regenerate a little health from kills.
                  | [demonic ancestry]
  2400 | D:3      | Reached XP level 5. HP: 8/38 MP: 5/5
  2739 | D:3      | Identified the +5 ring mail "Guacviwk" {rElec rF++}
  2761 | D:3      | Noticed Ijyb
  2840 | D:3      | Killed Ijyb
  3708 | D:4      | Found a hazy altar of Hepliaklqana.
  3717 | D:4      | Reached skill level 1 in Stealth
  4104 | D:5      | Entered Level 5 of the Dungeon
  4104 | D:5      | Noticed a phantom
  4124 | D:5      | Killed a phantom
  4125 | D:5      | Reached XP level 6. HP: 32/46 MP: 6/6
  4145 | D:5      | Reached skill level 5 in Long Blades
  4221 | D:5      | Noticed a water moccasin
  4239 | D:5      | Found an iron altar of Okawaru.
  4271 | D:5      | Found a blossoming altar of Fedhas.
  4308 | D:5      | Noticed a water moccasin
  4325 | D:5      | Killed a water moccasin
  4326 | D:5      | Gained mutation: You have hoof-like feet. [demonic
                  | ancestry]
  4326 | D:5      | Reached XP level 7. HP: 30/51 MP: 7/7
  4329 | D:5      | Found a staircase to the Ecumenical Temple.
  4341 | Temple   | Entered the Ecumenical Temple
  4631 | D:5      | Identified the +1 robe of the Eternal Void {*Slow rPois
                  | MP+9 Dex+4}
  4632 | D:5      | Noticed Eustachio
  4962 | Temple   | Killed Eustachio
  4963 | Temple   | Reached skill level 6 in Long Blades
  5165 | D:5      | Noticed Prince Ribbit
  5197 | D:5      | Killed Prince Ribbit
  5198 | D:5      | Gained mutation: You are partially covered in icy blue
                  | scales. (AC +2) [demonic ancestry]
  5198 | D:5      | Reached XP level 8. HP: 18/58 MP: 8/8
  5523 | D:5      | Found a stormy altar of Qazlal.
  5578 | D:5      | Noticed Duvessa
  5578 | D:5      | Noticed Dowan
  5603 | D:5      | Killed Duvessa
  5604 | D:5      | Reached skill level 7 in Long Blades
  5618 | D:5      | Killed Dowan
  6227 | D:5      | Reached XP level 9. HP: 22/66 MP: 9/9
  6619 | D:6      | Reached skill level 8 in Long Blades
  6627 | D:6      | Reached skill level 5 in Dodging
  7009 | D:6      | Reached skill level 5 in Fighting
  7107 | D:6      | Found an opulent altar of Gozag.
  7107 | D:6      | Found an ornate altar of the Wu Jian Council.
  7115 | D:6      | Became a worshipper of the Wu Jian Council
  7285 | D:6      | Reached skill level 5 in Armour
  7505 | D:7      | Reached skill level 9 in Long Blades
  7551 | D:7      | Identified the +8 battleaxe "Pienaeru" {venom, rPois Int+7}
  7739 | D:7      | Found a broken altar of Ashenzari.
  8006 | D:7      | Found a runed translucent gate.
  8006 | D:7      | Found a runed translucent gate.
  8006 | D:7      | Found a runed translucent gate.
  8012 | D:7      | Noticed turdburglar's ghost (novice HuFi)
  8045 | D:7      | Reached * piety under Wu Jian
  8167 | D:7      | Identified the +4 ring mail of a wizard's laboratory
                  | {Int+3}
  8176 | D:7      | Found a bloodstained altar of Trog.
  8180 | D:7      | Identified the +8 trident "Arcanum" {pain, Str-3 Dex+8
                  | SInv}
  8392 | D:8      | Noticed Erica
  8415 | D:8      | HP: 2/68 [something/lance of force (22)]
  8418 | D:8      | Collided with a water moccasin

Illustrated notes

Levels and vault maps discovered:
D:1:      dpeg_arrival_tiny_a, layout_loops_ring, minmay_misc_feat_plants,
          minmay_bisected
D:2:      layout_rooms, shapermc_ecumenical_altar_hornbeckon,
          hangedman_decor_push
D:3:      layout_loops_ring, uniq_ijyb, uniq_robin
D:4:      layout_loops_cross, worldfamousw_hep_ancestral_shrine,
          amethyst_killhole, hangedman_decor_lopped
D:5:      layout_loops_ring, fedhas_altar_2, lemuel_crystal_altar,
          old_standard_altar, elyvilon_altar_4, minmay_temple_entry_ruins,
          minmay_joined_circles, uniq_eustachio, uniq_prince_ribbit1,
          uniq_duvessa
D:6:      layout_basic, jmf_multi_god_temple
D:7:      layout_loops_ring, kennysheep_mini_moat, nicolae_ashenzari_skybound,
          biasface_ghost_orc_armoury, minmay_misc_feat_alley,
          minmay_misc_feat_roman
D:8:      layout_rooms, due_lair_maze_entry_diamond, uniq_erica
Temple:   chequers_temple_sunken

Skill      XL: |  1  2  3  4  5  6  7  8  9 |
---------------+----------------------------+-----
Long Blades    | 3 4 5 6 7 9 |  9.6
Dodging        | 3 4 5 |  5.6
Armour         | 1 2 3 4 5 |  5.3
Stealth        | 1 2 3 |  3.0
Fighting       | 3 4 5 |  5.6
Throwing       | |  1.8

Action                   |  1- 3 |  4- 6 |  7- 9 || total
-------------------------+-------+-------+-------++-------
Melee: Long sword        |   118 |   162 |   417 ||   697
       Kick              |    19 |    48 |   129 ||   196
       Punch             |       |     2 |     2 ||     4
Invok: Lunge             |       |       |     5 ||     5
  Use: Potion            |       |       |     4 ||     4
 Stab: Sleeping          |       |     3 |     1 ||     4
       Distracted        |       |     1 |     1 ||     2
Armor: Leather armour    |    60 |    30 |       ||    90
       Ring mail         |       |    43 |   187 ||   230
Dodge: Dodged            |   129 |   144 |   302 ||   575
